 Dungeon Crawl Stone Soup version 0.29.1-1-gd02db6906a (webtiles) character file.

Game seed: 1349795331783291133

2193 Brecoman the Ruffian (level 9, 63/66 HPs)
             Began as a Demonspawn Transmuter on Sept 21, 2022.
             Was an Initiate of Makhleb.
             Quit the game on level 7 of the Dungeon on Sept 30, 2022.
             The game lasted 00:24:16 (9953 turns).

Brecoman the Ruffian (Demonspawn Transmuter)        Turns: 9953, Time: 00:24:16

Health: 63/66      AC:  9    Str: 15    XL:     9   Next: 12%
Magic:  16/16      EV: 13    Int: 15    God:    Makhleb [......]
Gold:   433        SH:  0    Dex: 13    Spells: 10/17 levels left

rFire   + . .      SeeInvis .     - Unarmed
rCold   . . .      Faith    .   (no shield)
rNeg    . . .      Spirit   .   D - +1 ring mail {rF+}
rPois   .          Reflect  .   r - +2 helmet
rElec   .          Harm     .   o - scarf {repulsion}
rCorr   .          Rampage  .   (no gloves)
Will    .....                   (no boots)
Stlth   +.........              (no amulet)
HPRegen 0.21/turn               (no ring)
MPRegen 0.15/turn               (no ring)

@: repel missiles
A: claws 1, spiny 2, sturdy frame 1
a: Renounce Religion


You were on level 7 of the Dungeon.
You worshipped Makhleb.
Makhleb was noncommittal.
You visited 1 branch of the dungeon, and saw 7 of its levels.

You collected 556 gold pieces.
You spent 123 gold pieces at shops.

Inventory:

Missiles
 h - 65 stones
Armour
 a - a +0 robe
 b - a +1 ring mail
 k - a +2 ring mail of positive energy
 o - a scarf of repulsion (worn)
 r - a +2 helmet (worn)
 D - a +1 ring mail of fire resistance (worn)
Jewellery
 m - an amulet of faith
Wands
 n - a wand of flame (38)
 p - a wand of mindburst (16)
 x - a wand of paralysis (13)
 A - a wand of roots (13)
Scrolls
 e - a scroll of enchant armour
 j - 2 scrolls of noise {unknown}
 l - 2 scrolls of blinking
 s - 3 scrolls of fear
 t - 4 scrolls of poison
 v - a scroll of butterflies
 y - a scroll of identify
 z - a scroll of summoning {unknown}
 B - a scroll of magic mapping
 C - a scroll of teleportation
Potions
 c - 4 potions of flight
 d - 4 potions of ambrosia
 f - a potion of curing
 g - a potion of invisibility {unknown}
 i - a potion of lignification
 q - 2 potions of brilliance
 u - 2 potions of heal wounds
 w - a potion of magic {unknown}


   Skills:
 + Level 4.6 Fighting
 + Level 4.7 Dodging
 - Level 0.2 Stealth
 + Level 5.6 Unarmed Combat
 + Level 4.9 Spellcasting
 + Level 4.8 Transmutations
 + Level 4.0 Ice Magic


You had 10 spell levels left.
You knew the following spells:

 Your Spells              Type           Power      Damage    Failure   Level
a - Beastly Appendage     Tmut           36%        N/A       3%          1
b - Wereblood             Tmut           18%        N/A       4%          2
c - Ice Form              Ice/Tmut       16%        N/A       36%         4

Your spell library contained the following spells:

 Spells                   Type           Power      Damage    Failure   Level
 Freeze                   Ice            60%        1d8       4%          1
 Foxfire                  Conj/Fire      12%        2x1d4     24%         1
 Slow                     Hex            12%        N/A       24%         1
 Spider Form              Tmut/Pois      10%        N/A       26%         3
 Poisonous Vapours        Pois/Air       6%         N/A       34%         2
 Call Canine Familiar     Summ           3%         N/A       56%         3
 Conjure Flame            Conj/Fire      3%         6-21      56%         3
 Inner Flame              Hex/Fire       3%         N/A       56%         3
 Corpse Rot               Necr/Pois/Air  3%         N/A       93%         4
 Flame Wave               Conj/Fire      3%         2d5       93%         4
 Leda's Liquefaction      Hex/Erth       1%         N/A       93%         4


Dungeon Overview and Level Annotations

Branches:
Dungeon (7/15)
 Temple: D:4-7

Altars:
Cheibriados
Makhleb
Nemelex Xobeh
Wu Jian
Yredelemnul

Shops:
D:1 ??*!(

Annotations:
D:7 Maggie


Innate Abilities, Weirdness & Mutations

You have sharp fingernails.
You are mostly covered in sharp spines.
Your movements are slightly less encumbered by armour. (ER -2)


Message History

Confirm with . or Enter, or press ? or * to list all spells.
You grow a pair of large bovine horns.
Your feet morph into talons.
Your +2 helmet melds into your body.
A white imp comes into view.
The white imp shouts, "Turn tail, thou paunchy common-kissing skainsmate!"
The gnoll is struck by your spines. The gnoll closely misses you.
You claw the gnoll!
You kill the gnoll!
Makhleb accepts your kill.
The white imp laughs crazily.
Things that are here:
a +0 flail; a gnoll corpse You closely miss the white imp.
You claw the white imp! You headbutt the white imp.
You kill the white imp!
Makhleb accepts your kill.
Found a book of Vapours.
Your transformation is almost over.
The gnoll hits you from afar with a +0 halberd.
The gnoll is struck by your spines. The gnoll barely misses you.
You claw the gnoll!
You kill the gnoll!
Makhleb accepts your kill.
You now have 433 gold pieces (gained 4).
Things that are here:
a +0 halberd; a gnoll corpse You pick up a book of Vapours and begin reading...
You add the spells Poisonous Vapours and Corpse Rot to your library.
Your horns disappear.
Your talons disappear.
Your +2 helmet unmelds from your body.
The electric eel shoots out a bolt of lightning at you!
The bolt of electricity hits the plant!
The plant begins to die.
The bolt of electricity hits you.
An electric eel is nearby!
Save game and exit?
Level annotation: Maggie Welcome back, Brecoman the Demonspawn Transmuter.
Blood and souls for Makhleb!
Press ? for a list of commands and other information.
Are you sure you want to abandon this character and quit the game? (Confirm with "yes".)

#............
#............
###............
#.............#
#............##
###..............
#....♣♣P...).....
###.#.♣♣♣~♣##......
#.@.~♣~~~~♣♣.......
#.#~♣♣~~~~♣♣♣~.....
#.#~♣~~♣~~~~~♣#....
#.♣♣~~~P~~~~~♣#....
#.~♣~PP~P♣~P~~~....
#.~♣~~♣~~~~♣~♣♣.<..
#..~~~~~~~~~~~
♣..). #.~P~~♣~≈≈≈≈
♣.... #.~♣~SP≈ ≈≈
♣~...


There were no monsters in sight!

Vanquished Creatures
  Joseph (D:7)
  2 water moccasins
  An orc warrior (D:7)
  A sky beast (D:7)
  2 ice beasts
  A centaur (D:7)
  2 phantoms
  A bullfrog (D:7)
  3 scorpions
  A centaur zombie (D:4)
  A jelly (D:7)
  A gnoll bouda (D:5)
  3 orc priests
  3 iron imps (D:7)
  3 iguanas
  5 orc wizards
  2 scorpion zombies (D:4)
  6 gnolls
  7 adders
  A shadow imp (D:5)
  A white imp (D:7)
  3 ufetubi
  An adder zombie (D:4)
  2 worms (D:2)
  6 dart slugs
  31 orcs
  4 ball pythons
  6 endoplasms
  9 giant cockroaches
  7 goblins
  10 hobgoblins
  7 jackals
  3 kobolds
  6 quokkas
  4 bats
  3 frilled lizards (D:1)
  4 rats
154 creatures vanquished.

Vanquished Creatures (others)
  15 plants (D:7)
15 creatures vanquished.

Grand Total: 169 creatures vanquished

Notes
Turn   | Place    | Note
-------+----------+-------------------------------------------
     0 | D:1      | Brecoman the Demonspawn Transmuter began the quest for the
                  | Orb.
     0 | D:1      | Reached XP level 1. HP: 15/15 MP: 3/3
   149 | D:1      | Reached skill level 3 in Unarmed Combat
   153 | D:1      | Gained mutation: You have sharp fingernails. [demonic
                  | ancestry]
   153 | D:1      | Reached XP level 2. HP: 12/21 MP: 5/5
   368 | D:1      | Found Agisaut's Magic Scroll Boutique.
   374 | D:1      | Bought a scroll of identify for 26 gold pieces
   383 | D:1      | Found Nocaism's Magic Scroll Boutique.
   506 | D:1      | Found Fyonlegi's Weapon Shoppe.
   610 | D:1      | Found Buquo's Assorted Antiques.
   644 | D:1      | Found Ifeydiynk's Distillery.
  1052 | D:1      | Reached XP level 3. HP: 23/26 MP: 4/6
  1816 | D:2      | Found a faded altar of an unknown god.
  1823 | D:2      | Got Plato's Anthology of the Glacier
  2227 | D:3      | Reached XP level 4. HP: 27/32 MP: 5/8
  2382 | D:3      | Learned a level 2 spell: Wereblood
  2387 | D:3      | Learned a level 4 spell: Ice Form
  2870 | D:1      | Bought a scroll of magic mapping for 97 gold pieces
  3745 | D:4      | Reached XP level 5. HP: 21/37 MP: 7/9
  3925 | D:4      | Found a basalt altar of Yredelemnul.
  3935 | D:4      | Reached skill level 1 in Ice Magic
  4406 | D:4      | Gained mutation: You are partially covered in sharp spines.
                  | [demonic ancestry]
  4406 | D:4      | Reached XP level 6. HP: 38/44 MP: 8/10
  4424 | D:4      | Reached skill level 4 in Unarmed Combat
  4989 | D:4      | Noticed an ice beast
  5113 | D:3      | Killed an ice beast
  5496 | D:4      | Got the Almanac of Allied Fascination
  5538 | D:5      | Entered Level 5 of the Dungeon
  5554 | D:5      | Gained mutation: You are mostly covered in sharp spines.
                  | [demonic ancestry]
  5554 | D:5      | Reached XP level 7. HP: 32/51 MP: 12/12
  6364 | D:5      | Found a sparkling altar of Nemelex Xobeh.
  7417 | D:6      | Gained mutation: Your movements are slightly less
                  | encumbered by armour. (ER -2) [demonic ancestry]
  7417 | D:6      | Reached XP level 8. HP: 28/58 MP: 12/14
  7662 | D:6      | Found an ornate altar of the Wu Jian Council.
  8605 | D:7      | Reached skill level 5 in Unarmed Combat
  8680 | D:7      | Noticed Maggie
  8747 | D:7      | Noticed Joseph
  8761 | D:7      | Killed Joseph
  8936 | D:7      | Found a snail-covered altar of Cheibriados.
  9244 | D:7      | Identified the +0 scale mail of the Fabulous God {rC- rCorr
                  | Int+3}
  9575 | D:7      | Found a burning altar of Makhleb.
  9590 | D:7      | Reached XP level 9. HP: 60/66 MP: 16/16
  9612 | D:7      | Became a worshipper of Makhleb the Destroyer
  9953 | D:7      | Quit the game

Illustrated notes

Levels and vault maps discovered:
D:1:      denvon_arrival_waterhouse, layout_loops_ring, serial_shops,
          nicolae_shop_statue_plus, nicolae_shop_bloodbath_and_beyond,
          nicolae_shop_hallway_stairs, shop, shop
D:2:      layout_basic, shapermc_ecumenical_altar_rom_forum,
          minmay_misc_feat_nine_boxes
D:3:      minmay_roachtagon, layout_rooms, serial_glass, glass_columns_b,
          glass_columns_c, chequers_serial_rivers_room_a, kennysheep_nub
D:4:      minmay_opposing_rooms, layout_loops_ring,
          nicolae_yredelemnul_corpse_copse
D:5:      layout_loops_corners, nemelex_xobeh_ov_fountains_minmay
D:6:      layout_basic, pf_just_have_faith
D:7:      layout_basic, marbit_many_paths, amcnicky_altar_gilded, demons_altar,
          minmay_temple_entry_nine_rooms, serial_bayou_lake_a, uniq_maggie,
          uniq_joseph, uniq_crazy_yiuf_cottage

Skill      XL: |  1  2  3  4  5  6  7  8  9 |
---------------+----------------------------+-----
Unarmed Combat | 3 4 5 |  5.6
Dodging        | 2 3 4 |  4.7
Transmutations | 2 3 4 |  4.8
Ice Magic      | 1 2 3 4 |  4.0
Spellcasting   | 3 4 |  4.9
Fighting       | 2 3 4 |  4.6
Stealth        | |  0.2

Action                   |  1- 3 |  4- 6 |  7- 9 || total
-------------------------+-------+-------+-------++-------
Melee: Unarmed           |   100 |   153 |   166 ||   419
       Kick              |    15 |    41 |    41 ||    97
       Headbutt          |    15 |    30 |    32 ||    77
       Punch             |       |     7 |     3 ||    10
 Cast: Beastly Appendage |    29 |    26 |    34 ||    89
Evoke: Wand              |       |     2 |       ||     2
  Use: Scroll            |     2 |     1 |    14 ||    17
       Potion            |       |     2 |     1 ||     3
 Stab: Sleeping          |     1 |       |       ||     1
       Paralysed         |       |     3 |       ||     3
Armor: Robe              |    25 |     3 |       ||    28
       Ring mail         |       |    40 |    40 ||    80
       Skin              |       |     1 |       ||     1
Dodge: Dodged            |    74 |    86 |    65 ||   225
